TOP OF THE 1ST |
Brooklyn Cyclones batting - Pitching for State College Spikes : RHP Matt Doucet
|
Pitching: RHP Matt Doucet
|
|
Batting: LHB Elmo Dreier
|
0-0: Ball 1-0: Ball 2-0: Called Strike 2-1: Called Strike 2-2: Strikes out looking
|
Batting: RHB Pete Orban
|
0-0: Ball 1-0: SINGLE (Groundball, 4MD, EV 100.0 MPH)
|
Batting: RHB Andy Carrell
|
0-0: Ball Pete Orban steals 2nd base 1-0: Foul Ball, location: 2F 1-1: Ball 2-1: Ball 3-1: Swinging Strike 3-2: Base on Balls
|
Batting: LHB Miguel Ramos
|
0-0: Called Strike 0-1: Fly out, F6 (Line Drive, 6M, EV 67.5 MPH)
|
Batting: RHB Omar Novoa
|
0-0: Ball Balk! Pete Orban to third Andy Carrell to second 1-0: Called Strike 1-1: Swinging Strike 1-2: Strikes out swinging
|
Top of the 1st over - 0 runs, 1 hit, 0 errors, 2 left on base; Brooklyn 0 - State College 0 |
BOTTOM OF THE 1ST |
State College Spikes batting - Pitching for Brooklyn Cyclones : RHP Shan-tang Chi
|
Pitching: RHP Shan-tang Chi
|
|
Batting: RHB Ben Politi
|
0-0: Called Strike 0-1: Bunted foul 0-2: Ball 1-2: Foul Ball, location: 2F 1-2: Ball 2-2: Strikes out looking
|
Batting: RHB Pat Scaturro
|
0-0: Ball 1-0: Ball 2-0: Ball 3-0: Base on Balls
|
Batting: SHB Justin Houser
|
0-0: Ball 1-0: Swinging Strike 1-1: Swinging Strike 1-2: Foul Ball, location: 2F 1-2: SINGLE (Line Drive, 78M, EV 90.6 MPH) Pat Scaturro to second
|
Batting: LHB Ignacio Ocampo
|
0-0: Ball 1-0: Called Strike 1-1: Ball 2-1: Fielders Choice at 2nd, 4-6 (Groundball, 4, EV 83.1 MPH) Pat Scaturro to third
|
Batting: LHB Keith Rice
|
0-0: Swinging Strike 0-1: Foul Ball, location: 2F 0-2: Ground out 4-3 (Groundball, 13, EV 83.8 MPH)
|
Bottom of the 1st over - 0 runs, 1 hit, 0 errors, 2 left on base; Brooklyn 0 - State College 0 |
TOP OF THE 2ND |
Brooklyn Cyclones batting - Pitching for State College Spikes : RHP Matt Doucet
|
Batting: RHB Ryan Marler
|
0-0: Ground out 6-3 (Groundball, 6, EV 91.9 MPH)
|
Batting: RHB Matt Tittle
|
0-0: Ball 1-0: Called Strike 1-1: Foul Ball, location: 2F 1-2: Ball 2-2: Foul Ball, location: 2F 2-2: Ground out 4-3 (Groundball, 4M, EV 90.6 MPH)
|
Batting: RHB Tom Primmer
|
0-0: Ball 1-0: Swinging Strike 1-1: Ball 2-1: Foul Ball, location: 2F 2-2: Strikes out looking
|
Top of the 2nd over - 0 runs, 0 hits, 0 errors, 0 left on base; Brooklyn 0 - State College 0 |
BOTTOM OF THE 2ND |
State College Spikes batting - Pitching for Brooklyn Cyclones : RHP Shan-tang Chi
|
Batting: RHB Kyle Burns
|
0-0: Ball 1-0: Swinging Strike 1-1: Called Strike 1-2: Ball 2-2: Fly out, F8 (Flyball, 78D, EV 101.2 MPH)
|
Batting: LHB Billy Lang
|
0-0: Foul Ball, location: 2F 0-1: Fly out, F8 (Flyball, 8RS, EV 88.1 MPH)
|
Batting: RHB Bobby Miles
|
0-0: Ball 1-0: Ball 2-0: Called Strike 2-1: Fly out, F8 (Flyball, 89M, EV 83.1 MPH)
|
Bottom of the 2nd over - 0 runs, 0 hits, 0 errors, 0 left on base; Brooklyn 0 - State College 0 |
TOP OF THE 3RD |
Brooklyn Cyclones batting - Pitching for State College Spikes : RHP Matt Doucet
|
Batting: RHB Roberto Delgado
|
0-0: Ball 1-0: Foul Ball, location: 2F 1-1: Fly out, F8 (Flyball, 8RD, EV 97.5 MPH)
|
Batting: LHB Elmo Dreier
|
0-0: Called Strike 0-1: Foul Ball, location: 2F 0-2: Ball 1-2: Foul Ball, location: 2F 1-2: Ball 2-2: Ball 3-2: Ground out 4-3 (Groundball, 4MD, EV 97.5 MPH)
|
Batting: RHB Pete Orban
|
0-0: Foul Ball, location: 2F 0-1: Ball 1-1: Foul Ball, location: 2F 1-2: Strikes out swinging
|
Top of the 3rd over - 0 runs, 0 hits, 0 errors, 0 left on base; Brooklyn 0 - State College 0 |
BOTTOM OF THE 3RD |
State College Spikes batting - Pitching for Brooklyn Cyclones : RHP Shan-tang Chi
|
Batting: RHB Bernard Claude
|
0-0: Ball 1-0: Bunt missed! 1-1: Ball 2-1: Swinging Strike 2-2: Strikes out swinging
|
Batting: RHB Ben Politi
|
0-0: Ball 1-0: Foul Ball, location: 2F 1-1: Ball 2-1: Fly out, F8 (Flyball, 8LD, EV 92.5 MPH)
|
Batting: RHB Pat Scaturro
|
0-0: Ball 1-0: Called Strike 1-1: Swinging Strike 1-2: Strikes out swinging
|
Bottom of the 3rd over - 0 runs, 0 hits, 0 errors, 0 left on base; Brooklyn 0 - State College 0 |
TOP OF THE 4TH |
Brooklyn Cyclones batting - Pitching for State College Spikes : RHP Matt Doucet
|
Batting: RHB Andy Carrell
|
0-0: Called Strike 0-1: SINGLE (Groundball, 6MD, EV 96.2 MPH)
|
Batting: LHB Miguel Ramos
|
0-0: Fielders Choice at 2nd, 4-6 (Groundball, 4, EV 94.4 MPH)
|
Batting: RHB Omar Novoa
|
0-0: Called Strike 0-1: Ball 1-1: Foul Ball, location: 2F 1-2: Fly out, F7 (Flyball, 7, EV 77.5 MPH)
|
Batting: RHB Ryan Marler
|
0-0: Foul Ball, location: 2F 0-1: Ball 1-1: Ball 2-1: Foul Ball, location: 2F 2-2: Strikes out swinging
|
Top of the 4th over - 0 runs, 1 hit, 0 errors, 1 left on base; Brooklyn 0 - State College 0 |
BOTTOM OF THE 4TH |
State College Spikes batting - Pitching for Brooklyn Cyclones : RHP Shan-tang Chi
|
Batting: SHB Justin Houser
|
0-0: Called Strike 0-1: Foul Ball, location: 2F 0-2: SINGLE (Groundball, 4M, EV 110.0 MPH) (infield hit)
|
Batting: LHB Ignacio Ocampo
|
0-0: Called Strike Justin Houser steals 2nd base 0-1: Ground out 4-3 (Groundball, 4, EV 103.8 MPH) Justin Houser to third
|
Batting: LHB Keith Rice
|
0-0: Called Strike 0-1: Called Strike 0-2: Ball 1-2: Ball 2-2: SINGLE (Groundball, 6MD, EV 94.4 MPH) Justin Houser scores
|
Batting: RHB Kyle Burns
|
0-0: Ball 1-0: Ball 2-0: Foul Ball, location: 2F 2-1: Foul Ball, location: 2F 2-2: Strikes out looking
|
Batting: LHB Billy Lang
|
0-0: Called Strike 0-1: Called Strike Keith Rice steals 2nd base 0-2: Ball 1-2: Ball 2-2: Ground out 5-3 (Groundball, 56, EV 90.6 MPH)
|
Bottom of the 4th over - 1 run, 2 hits, 0 errors, 1 left on base; Brooklyn 0 - State College 1 |
TOP OF THE 5TH |
Brooklyn Cyclones batting - Pitching for State College Spikes : RHP Matt Doucet
|
Batting: RHB Matt Tittle
|
0-0: DOUBLE (Line Drive, 5D, EV 104.4 MPH)
|
Batting: RHB Tom Primmer
|
0-0: Ground out 3-1 (Groundball, 34, EV 88.8 MPH) Matt Tittle to third
|
Batting: RHB Roberto Delgado
|
0-0: Ball 1-0: Called Strike 1-1: Foul Ball, location: 2F 1-2: Strikes out swinging
|
Batting: LHB Elmo Dreier
|
0-0: Ball 1-0: Ball 2-0: Ball 3-0: Called Strike 3-1: Foul Ball, location: 2F 3-2: SINGLE (Flyball, 56D, EV 91.2 MPH) Matt Tittle scores
|
Batting: RHB Pete Orban
|
0-0: Called Strike Elmo Dreier steals 2nd base (no throw) 0-1: Called Strike 0-2: Ball 1-2: Ground out 4-3 (Groundball, 4, EV 78.1 MPH)
|
Top of the 5th over - 1 run, 2 hits, 0 errors, 1 left on base; Brooklyn 1 - State College 1 |
BOTTOM OF THE 5TH |
State College Spikes batting - Pitching for Brooklyn Cyclones : RHP Shan-tang Chi
|
Batting: RHB Bobby Miles
|
0-0: Ball 1-0: Ball 2-0: Ball 3-0: Foul Ball, location: 2F 3-1: Fly out, F8 (Line Drive, 89M, EV 100.6 MPH)
|
Batting: RHB Bernard Claude
|
0-0: Swinging Strike 0-1: Ball 1-1: Ball 2-1: Ball 3-1: Base on Balls
|
Batting: RHB Ben Politi
|
0-0: Swinging Strike 0-1: Ball Bernard Claude is caught stealing 2nd base 2-4 1-1: Ball 2-1: Ball 3-1: Base on Balls
|
Batting: RHB Pat Scaturro
|
0-0: Hit by Pitch Ben Politi to second
|
Batting: SHB Justin Houser
|
0-0: Ball 1-0: Foul Ball, location: 2F 1-1: Foul Ball, location: 2F 1-2: Ball 2-2: Strikes out swinging
|
Bottom of the 5th over - 0 runs, 0 hits, 0 errors, 2 left on base; Brooklyn 1 - State College 1 |
TOP OF THE 6TH |
Brooklyn Cyclones batting - Pitching for State College Spikes : RHP Matt Doucet
|
Batting: RHB Andy Carrell
|
0-0: TRIPLE (Flyball, 78XD, EV 93.8 MPH)
|
Batting: LHB Miguel Ramos
|
0-0: Ball 1-0: SINGLE (Groundball, 4D, EV 105.0 MPH) Andy Carrell scores
|
Batting: RHB Omar Novoa
|
0-0: Foul Ball, location: 2F 0-1: Swinging Strike 0-2: Ball 1-2: Grounds into double play, 5-4-3 (Groundball, 56S, EV 84.4 MPH)
|
Batting: RHB Ryan Marler
|
0-0: Called Strike 0-1: Ball 1-1: Foul Ball, location: 2F 1-2: Ball 2-2: Foul Ball, location: 2F 2-2: Ball 3-2: Foul Ball, location: 2F 3-2: Foul Ball, location: 2F 3-2: Base on Balls
|
Pitching: LHP Bobby Enright
|
|
Batting: RHB Matt Tittle
|
0-0: Ball 1-0: Foul Ball, location: 2F 1-1: Foul Ball, location: 2F 1-2: Strikes out looking
|
Top of the 6th over - 1 run, 2 hits, 0 errors, 1 left on base; Brooklyn 2 - State College 1 |
BOTTOM OF THE 6TH |
State College Spikes batting - Pitching for Brooklyn Cyclones : RHP Shan-tang Chi
|
Batting: LHB Ignacio Ocampo
|
0-0: Ground out 6-3 (Groundball, 56, EV 111.2 MPH)
|
Batting: LHB Keith Rice
|
0-0: Ball 1-0: Foul Ball, location: 2F 1-1: Ball 2-1: Ball 3-1: Called Strike 3-2: Strikes out swinging
|
Batting: RHB Kyle Burns
|
0-0: Swinging Strike 0-1: Ball 1-1: Ball 2-1: Foul Ball, location: 2F 2-2: Strikes out swinging
|
Bottom of the 6th over - 0 runs, 0 hits, 0 errors, 0 left on base; Brooklyn 2 - State College 1 |
TOP OF THE 7TH |
Brooklyn Cyclones batting - Pitching for State College Spikes : LHP Bobby Enright
|
Batting: RHB Tom Primmer
|
0-0: Called Strike 0-1: SOLO HOME RUN (Flyball, 78XD, EV 105.6 MPH), Distance : 424 ft
|
Batting: RHB Roberto Delgado
|
0-0: Fly out, F7 (Flyball, 7LM, EV 93.8 MPH)
|
Batting: LHB Elmo Dreier
|
0-0: Foul Ball, location: 2F 0-1: Ground out 6-3 (Groundball, 4M, EV 103.1 MPH)
|
Batting: RHB Pete Orban
|
0-0: Ball 1-0: Swinging Strike 1-1: Foul Ball, location: 2F 1-2: Foul Ball, location: 2F 1-2: Strikes out looking
|
Top of the 7th over - 1 run, 1 hit, 0 errors, 0 left on base; Brooklyn 3 - State College 1 |
BOTTOM OF THE 7TH |
State College Spikes batting - Pitching for Brooklyn Cyclones : RHP Shan-tang Chi
|
Batting: LHB Billy Lang
|
0-0: Called Strike 0-1: Ball 1-1: Foul Ball, location: 2F 1-2: Foul Ball, location: 2F 1-2: Fly out, F8 (Line Drive, 89M, EV 103.1 MPH)
|
Pitching: RHP Marko Martin
|
|
Batting: RHB Bobby Miles
|
0-0: Swinging Strike 0-1: Swinging Strike 0-2: SINGLE (Groundball, 56D, EV 101.2 MPH) (infield hit)
|
Batting: RHB Bernard Claude
|
0-0: Ball Bobby Miles is caught stealing 2nd base 2-4 1-0: Ball 2-0: TRIPLE (Line Drive, 9LD, EV 105.6 MPH)
|
Batting: RHB Ben Politi
|
0-0: TRIPLE (Flyball, 9D, EV 100.6 MPH) Bernard Claude scores
|
Batting: RHB Pat Scaturro
|
0-0: Ball 1-0: Ball 2-0: Called Strike 2-1: SINGLE (Groundball, 6D, EV 98.8 MPH) Ben Politi scores
|
Batting: SHB Justin Houser
|
0-0: Ball 1-0: Ball 2-0: 2-RUN HOME RUN (Flyball, 9D, EV 98.8 MPH), Distance : 371 ft
|
Pitching: LHP Jose Diaz
|
|
Batting: LHB Ignacio Ocampo
|
0-0: Foul Ball, location: 2F 0-1: Reached on error, E4 (Groundball, 4, EV 100.0 MPH)
|
Batting: LHB Keith Rice
|
0-0: Ball Ignacio Ocampo steals 2nd base 1-0: Ball 2-0: Ball 3-0: Base on Balls
|
Pitching: LHP Mike Mathews
|
|
Batting: RHB Kyle Burns
|
0-0: Ground out 1-3 (Groundball, 34S, EV 68.8 MPH)
|
Bottom of the 7th over - 4 runs, 5 hits, 1 error, 2 left on base; Brooklyn 3 - State College 5 |
TOP OF THE 8TH |
Brooklyn Cyclones batting - Pitching for State College Spikes : LHP Bobby Enright
|
Batting: RHB Andy Carrell
|
0-0: SINGLE (Flyball, 3D, EV 90.6 MPH)
|
Pinch Hitting: RHB Jayden Copeland
|
0-0: Ball 1-0: Called Strike 1-1: Ball 2-1: Ball Passed Ball! Andy Carrell to second 3-1: Foul Ball, location: 2F 3-2: Base on Balls
|
Pitching: RHP Joe Cornell
|
|
Pinch Hitting: LHB Jeremy DiGenova
|
0-0: Fielders Choice at 2nd, 4-6 (Groundball, 4D, EV 105.0 MPH) Andy Carrell to third
|
Batting: RHB Ryan Marler
|
0-0: Foul Ball, location: 2F 0-1: Foul Ball, location: 2F 0-2: Ball 1-2: 3-RUN HOME RUN (Flyball, 7D, EV 96.9 MPH), Distance : 403 ft
|
Batting: RHB Matt Tittle
|
0-0: Ball 1-0: Called Strike 1-1: Ball 2-1: Called Strike 2-2: Foul Ball, location: 2F 2-2: Ball 3-2: Foul Ball, location: 2F 3-2: Strikes out swinging
|
Batting: RHB Tom Primmer
|
0-0: Swinging Strike 0-1: Ball 1-1: Called Strike 1-2: Ball 2-2: Strikes out swinging
|
Top of the 8th over - 3 runs, 2 hits, 0 errors, 0 left on base; Brooklyn 6 - State College 5 |
BOTTOM OF THE 8TH |
State College Spikes batting - Pitching for Brooklyn Cyclones : LHP Mike Mathews
|
Now at 1B: Salvador Gomez
|
|
Now at 2B: Duri Chilemba
|
|
Now at 3B: Trent Hood
|
|
Batting: LHB Billy Lang
|
0-0: Called Strike 0-1: Ball 1-1: Foul Ball, location: 2F 1-2: Strikes out swinging
|
Batting: RHB Bobby Miles
|
0-0: Called Strike 0-1: Ball 1-1: Ball 2-1: Fly out, F4 (Popup, 34S, EV 78.8 MPH)
|
Batting: RHB Bernard Claude
|
0-0: Called Strike 0-1: Ball 1-1: Ball 2-1: SINGLE (Line Drive, 8RS, EV 93.8 MPH)
|
Pitching: RHP Amare Golden
|
|
Batting: RHB Ben Politi
|
0-0: Fielders Choice at 2nd, 5-4 (Groundball, 5, EV 86.2 MPH)
|
Bottom of the 8th over - 0 runs, 1 hit, 0 errors, 1 left on base; Brooklyn 6 - State College 5 |
TOP OF THE 9TH |
Brooklyn Cyclones batting - Pitching for State College Spikes : RHP Joe Cornell
|
Batting: SHB Evan Armagost
|
0-0: Ground out 4-3 (Groundball, 4, EV 100.0 MPH)
|
Batting: LHB Elmo Dreier
|
0-0: Called Strike 0-1: Ground out U3 (Groundball, 3L, EV 106.2 MPH)
|
Batting: RHB Pete Orban
|
0-0: Ball 1-0: Called Strike 1-1: Foul Ball, location: 2F 1-2: Ground out 6-3 (Groundball, 6, EV 89.4 MPH)
|
Top of the 9th over - 0 runs, 0 hits, 0 errors, 0 left on base; Brooklyn 6 - State College 5 |
BOTTOM OF THE 9TH |
State College Spikes batting - Pitching for Brooklyn Cyclones : RHP Amare Golden
|
Pitching: LHP Keith Noftall
|
|
Now in RF: Callum Lynch
|
|
Batting: RHB Pat Scaturro
|
0-0: Ground out 6-3 (Groundball, 6, EV 87.5 MPH)
|
Batting: SHB Justin Houser
|
0-0: Swinging Strike 0-1: Ball 1-1: Called Strike 1-2: Strikes out swinging
|
Pinch Hitting: RHB Mario Mendoza
|
0-0: Ball 1-0: Swinging Strike 1-1: Ball 2-1: Swinging Strike 2-2: Ground out 6-3 (Groundball, 6, EV 105.6 MPH)
|
Bottom of the 9th over - 0 runs, 0 hits, 0 errors, 0 left on base; Brooklyn 6 - State College 5 |
|